 Dungeon Crawl Stone Soup version 0.17.1-1-g73c8601 (webtiles) character file.

672 JustSomeDude the Sneak (level 7, -10/52 HPs)
             Began as a Demonspawn Assassin on Dec 16, 2015.
             Was an Initiate of Jiyva.
             Killed from afar by a raiju (24 damage)
             ... with a living lightning
             ... on level 1 of the Abyss.
             The game lasted 00:32:26 (3624 turns).

JustSomeDude the Sneak (Demonspawn Assassin)        Turns: 3624, Time: 00:32:26

Health: -10/52     AC: 18    Str: 12    XL:     7   Next: 32%
Magic:  7/9        EV: 13    Int: 12    God:    Jiyva [......]
Gold:   242        SH:  0    Dex: 13    Spells: 0 memorised, 6 levels left

rFire  . . .     SeeInvis .     F - +3 short sword (venom)
rCold  . . .     Clarity  .     c - +0 robe
rNeg   . . .     SustAt   .     (no shield)
rPois  .         Gourm    .     D - +2 helmet
rElec  .         Spirit   .     d - +0 cloak
rCorr  .         Warding  .     I - +1 pair of gloves
rMut   .         Stasis   .     (no boots)
MR     .....                    (no amulet)
Stlth  +++.......               (no ring)
                                (no ring)

@: drained, not resistant to hostile enchantments, fairly stealthy
A: talons 2, rough black scales 3
a: Renounce Religion


You were on level 1 of the Abyss.
You worshipped Jiyva.
Jiyva was noncommittal.
You were not hungry.

You visited 1 branch of the dungeon, and saw 5 of its levels.
You visited the Abyss 1 time.
You also visited: Sewer.

You collected 242 gold pieces.

Inventory:

Hand Weapons
 b - a +0 blowgun
 y - the +2 spear "Nufa" {pierce, Dex+4}
   (You found it on level 4 of the Dungeon)

   It inflicts extra damage upon your enemies.
   It affects your dexterity (+4).
 E - a +0 hand crossbow
 F - a +3 short sword of venom (weapon)
 J - a +0 trident
Missiles
 a - 14 bolts of flame
 e - 8 poisoned needles
 f - 2 curare-tipped needles
 G - 49 bolts
Armour
 c - a +0 robe (worn)
 d - a +0 cloak (worn)
 D - a +2 helmet (worn)
 I - a +1 pair of gloves (worn)
Jewellery
 B - the ring of Sin {*Drain rC+ MR- SInv Stlth+, unknown}
   (You found it on level 5 of the Dungeon)

   [ring of protection from cold]

   It protects you from cold.
   It affects your resistance to hostile enchantments.
   It lets you see invisible.
   It causes draining when unequipped.
   It makes you more stealthy.
 C - an uncursed ring of see invisible
Scrolls
 o - a scroll of fear
 q - 5 scrolls of identify
 r - a scroll of remove curse {unknown}
 u - a scroll of teleportation {unknown}
Potions
 g - a potion of brilliance {unknown}
 j - a potion of agility {unknown}
 k - a potion of cancellation {unknown}
 l - a potion of resistance {unknown}
 m - a potion of heal wounds
 n - 3 potions of curing
 p - a potion of might
 w - a potion of invisibility
 A - a potion of ambrosia {unknown}
 H - 2 potions of flight
 L - a potion of haste {unknown}
Miscellaneous
 h - a plain deck of escape
 s - a plain deck of destruction {drawn: 3}
 t - a plain deck of war {drawn: 6}
 v - a plain deck of escape
Comestibles
 i - a meat ration
 x - a royal jelly
 z - a bread ration
 K - a slice of pizza


   Skills:
 + Level 3.1(2.8) Fighting
 + Level 2.8(2.6) Short Blades
   Level 0.6(0.4) Staves
 + Level 1.9(1.6) Throwing
 + Level 3.9(3.6) Dodging
 + Level 5.4(5.1) Stealth
 * Level 3.4(3.1) Evocations


You had 6 spell levels left.
You didn't know any spells.

Dungeon Overview and Level Annotations

Branches:
Dungeon (5/15)
 Temple: D:4-7

Altars:
Nemelex Xobeh
Jiyva


Innate Abilities, Weirdness & Mutations

You have razor-sharp toenails.
You are completely covered in rough black scales (AC +10, Dex -3).


Message History

You hit the raiju. Your kick misses the raiju.
The raiju is lightly wounded.
The raiju completely misses you.
You are too injured to fight recklessly!
You hit the raiju.
The raiju is poisoned.
The raiju is moderately wounded.
The raiju barely misses you.
You barely miss the raiju. You claw the raiju, but do no damage.
The raiju is moderately wounded.
The raiju bursts into living lightning!
The living lightning hits you!
* * * LOW HITPOINT WARNING * * *
The living lightning misses you.
The raiju blinks!
The raiju moves out of view.
A thrashing horror comes into view.
The thrashing horror moves out of view.
You can no longer request a jelly.
The raiju bursts into living lightning!
The living lightning hits you!
You die...

#.#..#.# .#...# #
# #..#..##.###.. #
#..#...#.. .. . #
##...#.#.#.. .
#.###.#..
...#X.#.#
#J#.#.#.#.#.......
.
#.......#..#.....
#.#.#...#.......#
t..##.##.#.@##.# .
. . ##..h..5...#.
.......
#..#.......... ...
... #....#...##...
... .. ##.##...##
.# . .. #.##
.....# ## ##.#..
#..# ##.


You could see a thrashing horror, a raiju and an ufetubus.

Vanquished Creatures
  Sigmund (D:3)
  A crimson imp (D:5)
  A giant frog skeleton (D:5)
  A jelly (D:5)
  An orc wizard (D:5)
  Crazy Yiuf (D:2)
  An orc priest (D:4)
  Natasha (thrice) (D:3)
  A worker ant (D:5)
  A hound skeleton (D:4)
  Robin (D:3)
  A worker ant zombie (D:5)
  2 river rats
  6 adders
  5 oozes
  2 worms
  4 giant geckos
  5 orcs
  A ball python (D:4)
  5 bats
  5 giant cockroaches
  16 goblins
  11 hobgoblins
  5 kobolds
  A giant gecko zombie (D:5)
  3 giant newts
  8 jackals
  A quokka (D:5)
  10 rats
104 creatures vanquished.

Vanquished Creatures (collateral kills)
  A big kobold (Sewer)
  4 goblins (D:3)
  A hobgoblin (D:3)
  A jackal (Sewer)
  3 kobolds (Sewer)
10 creatures vanquished.

Vanquished Creatures (others)
  A phantom (D:5)
  An orc wizard (D:5)
  An orc (D:5)
  A kobold (Sewer)
4 creatures vanquished.

Grand Total: 118 creatures vanquished

Notes
Turn   | Place    | Note
--------------------------------------------------------------
     0 | D:1      | JustSomeDude the Demonspawn Assassin began the quest for the Orb.
     0 | D:1      | Reached XP level 1. HP: 16/16 MP: 1/1
    21 | D:1      | Reached skill level 1 in Dodging
   140 | D:1      | Reached skill level 4 in Stealth
   140 | D:1      | Gained mutation: You are partially covered in rough black scales (AC +4, Dex -1). [demonic ancestry]
   140 | D:1      | Reached XP level 2. HP: 13/22 MP: 2/2
   751 | D:2      | Gained mutation: You have sharp toenails. [demonic ancestry]
   751 | D:2      | Reached XP level 3. HP: 22/27 MP: 3/3
   819 | D:2      | Found a faded altar to an unknown god.
   830 | D:2      | Became a worshipper of Nemelex Xobeh the Trickster
   830 | D:2      | Received a gift from Nemelex Xobeh
   830 | D:2      | Reached * piety under Nemelex Xobeh
   830 | D:2      | Received a gift from Nemelex Xobeh
  1090 | D:2      | Noticed Crazy Yiuf
  1098 | D:2      | Killed Crazy Yiuf
  1098 | D:2      | Gained mutation: You are mostly covered in rough black scales (AC +7, Dex -2). [demonic ancestry]
  1098 | D:2      | Reached XP level 4. HP: 18/34 MP: 4/4
  1463 | D:3      | Noticed Sigmund
  1471 | D:3      | Killed Sigmund
  1471 | D:3      | Reached skill level 5 in Stealth
  1471 | D:3      | Reached XP level 5. HP: 39/39 MP: 4/6
  1562 | D:3      | Noticed Robin
  1592 | D:3      | Killed Robin
  1650 | D:3      | Gained mutation: You have razor-sharp toenails. [demonic ancestry]
  1650 | D:3      | Reached XP level 6. HP: 35/46 MP: 7/7
  1717 | D:3      | Found a glowing drain.
  1721 | Sewer    | Entered a sewer
  1995 | Sewer    | Found a white marble altar of Elyvilon.
  2084 | D:3      | Reached ** piety under Nemelex Xobeh
  2088 | D:3      | Noticed Natasha
  2103 | D:3      | Killed Natasha
  2266 | D:3      | Noticed Natasha
  2275 | D:3      | Killed Natasha
  2293 | D:3      | Noticed Natasha
  2301 | D:3      | Killed Natasha
  2347 | D:3      | Received a gift from Nemelex Xobeh
  2898 | D:4      | Received a gift from Nemelex Xobeh
  2912 | D:4      | Got an ebony spear
  2913 | D:4      | Identified the +2 spear "Nufa" {pierce, Dex+4} (You found it on level 4 of the Dungeon)
  3094 | D:4      | Reached *** piety under Nemelex Xobeh
  3205 | D:4      | You fall through a shaft!
  3205 | D:5      | Entered Level 5 of the Dungeon
  3213 | D:5      | Gained mutation: You are completely covered in rough black scales (AC +10, Dex -3). [demonic ancestry]
  3213 | D:5      | Reached XP level 7. HP: 47/52 MP: 9/9
  3243 | D:5      | Found a viscous altar of Jiyva.
  3267 | D:5      | Fell from the grace of Nemelex Xobeh
  3267 | D:5      | Became a worshipper of Jiyva Jongiwno the Shapeless
  3395 | D:5      | Got a bound wooden ring
  3490 | D:5      | Reached * piety under Jiyva
  3516 | D:5      | Cast into the Abyss (drawing a card)
  3585 | Abyss:1  | Noticed a ynoxinul
  3610 | Abyss:1  | Noticed an apocalypse crab
  3616 | Abyss:1  | Noticed a raiju
  3623 | Abyss:1  | Noticed a thrashing horror
  3624 | Abyss:1  | Killed from afar by a raiju

Action                   |  1- 3 |  4- 6 |  7- 9 || total
-------------------------+-------+-------+-------++-------
Melee: Dagger            |    85 |   142 |       ||   227
       Quarterstaff      |       |    26 |       ||    26
       Short sword       |       |    60 |    61 ||   121
       Spear             |       |    33 |       ||    33
Invok: Request Jelly     |       |       |     1 ||     1
Evoke: Deck              |     2 |     7 |       ||     9
  Use: Scroll            |     1 |     4 |     1 ||     6
       Potion            |       |     6 |       ||     6
 Stab: Sleeping          |    12 |     8 |     2 ||    22
       Invisible         |       |     3 |       ||     3
  Eat: Bread ration      |     1 |       |       ||     1
       Meat ration       |       |     1 |       ||     1
       Pizza             |       |     1 |       ||     1
